 Dungeon Crawl Stone Soup version 0.17-a0-2014-g32cd421 (webtiles) character file.

120 jalm the Slasher (level 4, -1/40 HPs)
             Began as a Deep Dwarf Fighter on Oct 9, 2015.
             Slain by a gnoll
             ... wielding a +0 spear
              (6 damage)
             ... on level 3 of the Dungeon.
             The game lasted 00:08:34 (1716 turns).

jalm the Slasher (Deep Dwarf Fighter)               Turns: 1716, Time: 00:08:34

Health: -1/40      AC:  6    Str: 20    XL:     4   Next: 75%
Magic:  4/4        EV:  7    Int:  8    God:
Gold:   32         SH:  9    Dex: 13    Spells: 0 memorised, 3 levels left

rFire  . . .     SeeInvis .     a - +0 long sword
rCold  . . .     Clarity  .     b - +0 scale mail
rNeg   . . .     SustAt   .     c - +0 shield
rPois  .         Gourm    .     (no helmet)
rElec  .         Spirit   .     (no cloak)
rCorr  .         Warding  .     (no gloves)
rMut   .         Stasis   .     (no boots)
MR     .....                    (no amulet)
Stlth  ..........               (no ring)
                                (no ring)

@: non-regenerating, not resistant to hostile enchantments, extremely unstealthy
A: damage resistance, recharge devices, sense surroundings 1, slow regeneration
3
a: Device Recharging


You were on level 3 of the Dungeon.
You were very hungry.

You visited 1 branch of the dungeon, and saw 3 of its levels.

You collected 32 gold pieces.

Inventory:

Hand Weapons
 a - a +0 long sword (weapon)
Missiles
 n - 56 stones (quivered)
Armour
 b - a +0 scale mail (worn)
 c - a +0 shield (worn)
Jewellery
 u - a +4 ring of dexterity {unknown}
Wands
 e - a wand of heal wounds (4)
Scrolls
 i - 4 scrolls of identify {unknown}
 j - 2 scrolls of teleportation {unknown}
 m - a scroll of enchant armour {unknown}
 o - a scroll of enchant weapon {unknown}
 q - a scroll of remove curse {unknown}
 r - 2 scrolls of recharging {unknown}
 w - a scroll of immolation {unknown}
 x - 3 scrolls of random uselessness {unknown}
 y - a scroll of blinking {unknown}
Potions
 d - a potion of might
 h - a potion of lignification {unknown}
 k - a potion of haste {unknown}
 p - a potion of curing {unknown}
 t - a potion of agility {unknown}
 v - a potion of flight {unknown}
 z - a potion of heal wounds {unknown}
Comestibles
 f - a bread ration
 g - 5 fruits
 l - 2 beef jerkies
 s - a meat ration


   Skills:
 - Level 2.6 Fighting
 + Level 5.0 Long Blades
 - Level 3.2 Armour
 - Level 3.2 Shields


You had 3 spell levels left.
You didn't know any spells.

Dungeon Overview and Level Annotations

Branches:
Dungeon (3/15)

Altars:
The Shining One


Innate Abilities, Weirdness & Mutations

You are resistant to damage.
You can recharge devices by infusing magical energy.
You passively map a small area around you.
You do not regenerate naturally.


Message History

Your Long Blades skill increases to level 5!
You block the gnoll's attack.
The gnoll hits you from afar with a spear.
* * * LOW HITPOINT WARNING * * *
You are feeling very hungry.
Items here: )) †† a flail; a whip; a gnoll corpse; a gnoll corpse Your shield and scale mail prevent you from hitting the gnoll.
The gnoll hits you but does no damage. The gnoll hits you with a spear.
You hit the gnoll.
The gnoll is lightly wounded.
The gnoll closely misses you.
You hit the gnoll.
The gnoll is heavily wounded.
The gnoll hits you with a spear.
* * * LOW HITPOINT WARNING * * *
You closely miss the gnoll.
The gnoll is heavily wounded.
The gnoll hits you with a spear!
You die...

* #.# * ,*, #.# , ..####
,* , , #....# *, * +....#
* * * #######....####, ,
..........gg..g * * #g#*
* #######@########## , ,
.................#######
,
,........................
,
#######.##...#.#.#.#####
, , #..#...#.#.#.#
#######.#.......#.# ,
#...............#.# * *
#.######........#.# **
#.# #....#.#.#.#


You could see a gnoll.

Vanquished Creatures
  An orc wizard (D:3)
  3 gnolls (D:3)
  An adder (D:2)
  A worm (D:2)
  A giant gecko (D:1)
  4 orcs (D:3)
  6 giant cockroaches
  5 goblins
  4 hobgoblins
  6 jackals
  8 kobolds
  A quokka (D:2)
  5 bats
  A giant newt (D:3)
  5 rats
52 creatures vanquished.

Notes
Turn   | Place    | Note
--------------------------------------------------------------
     0 | D:1      | jalm the Deep Dwarf Fighter began the quest for the Orb.
     0 | D:1      | Reached XP level 1. HP: 20/20 MP: 1/1
   184 | D:1      | Reached XP level 2. HP: 25/27 MP: 2/2
   278 | D:1      | Found a glowing golden altar of the Shining One.
   935 | D:2      | Reached XP level 3. HP: 19/33 MP: 3/3
  1376 | D:3      | Reached skill level 4 in Long Blades
  1442 | D:3      | Reached XP level 4. HP: 10/40 MP: 4/4
  1711 | D:3      | Reached skill level 5 in Long Blades
  1716 | D:3      | Slain by a gnoll

Vault maps used:
D:1:      roderic_crop_circles_arrival_small, wad_floor_pattern_1, minivault_23,
          tso_metal_star

Action                   |  1- 3 |  4- 6 || total
-------------------------+-------+-------++-------
Melee: Long sword        |   149 |    56 ||   205
Throw: Stone             |    39 |     6 ||    45
Evoke: Wand              |       |     1 ||     1
  Eat: Chunk             |     2 |       ||     2
